[Event "Reykjavik Open 2024"]
[Site "Reykjavik"]
[Date "2024.03.16"]
[Round "3.8"]
[White "Jin, Yueheng"]
[Black "Stefansson, Vignir Vatnar"]
[Result "1/2-1/2"]
[ECO "E05"]
[WhiteElo "2404"]
[BlackElo "2464"]
[Annotator "TA"]
[PlyCount "59"]
[EventDate "2024.03.12"]
[EventCountry "ISL"]
[SourceTitle "playchess.com"]
[Source "ChessBase"]
[SourceQuality "1"]
[TimeControl "40/5400+30:1800+30"]

1. d4 Nf6 2. c4 e6 3. g3 d5 4. Bg2 Be7 5. Nf3 O-O 6. O-O dxc4 7. Qc2 b5 8. a4 b4 9. Nfd2 (9. Qxc4 Ba6 10. Qc2 Nbd7) 9... Nd5 10. Nxc4 ({Ein No Go ist} 10. Qxc4 Ba6 11. Qc2 c5 $17 (11... Bxe2 12. Re1 $15)) 10... c5 11. dxc5 Bxc5 12. Rd1 {[%emt 0:21:00] [#] e4 wäre nun fies.} Nd7 $1 13. e4 ({Doch nicht} 13. Bxd5 exd5 14. Be3 Bb7 (14... dxc4 15. Bxc5 Nxc5 16. Rxd8 $16) 15. Bxc5 Nxc5 $17) 13... N5b6 14. Be3 {[%emt 0:07:32] Schwarz muss nun Bxc5 beachten.} Qe7 {[%emt 0:05:27] ...Nxc4 ist eine echte Drohung.} 15. Nbd2 Ba6 16. Nxb6 axb6 17. Bxc5 Nxc5 18. Nb3 Rfc8 19. Nxc5 bxc5 20. e5 Bb7 {[%emt 0:02:43] Die Stellung ist ausgeglichen.} 21. Bxb7 Qxb7 22. Qc4 Qa6 {[%emt 0:00:28] Wehrt Rd6 ab} 23. Rdc1 Qxc4 24. Rxc4 $11 {[%emt 0:00:02][%mdl 4096] Endspiel. KRR-KRR} Ra5 25. Rac1 (25. Rd1 $5) 25... Rxa4 26. Rxc5 Rxc5 27. Rxc5 {[%emt 0:00:04][%cal Rc5c8] [#]} g5 28. Rb5 Ra1+ 29. Kg2 Re1 30. Rxb4 {[%emt 0:01:05] Gewichteter Fehlerwert: Weiß=0.05 (makellos) /Schwarz=0.04 (makellos) .  Ungenau:       	Weiß=1     	Schwarz=1     OK:         	Weiß=9     	Schwarz=9     Bester:       	Weiß=1     	---        Stark:        	---       	Schwarz=1} 1/2-1/2

[Event "Reykjavik Open 2024"]
[Site "Reykjavik"]
[Date "2024.03.16"]
[Round "3.9"]
[White "Tania, Sachdev"]
[Black "Seemann, Jakub"]
[Result "0-1"]
[ECO "A65"]
[WhiteElo "2393"]
[BlackElo "2451"]
[Annotator "TA"]
[PlyCount "68"]
[EventDate "2024.03.12"]
[EventCountry "ISL"]
[SourceTitle "playchess.com"]
[Source "ChessBase"]
[SourceQuality "1"]
[TimeControl "40/5400+30:1800+30"]

1. d4 Nf6 2. c4 g6 3. Nc3 Bg7 4. e4 d6 5. f3 O-O 6. Nge2 c5 7. d5 e6 8. Ng3 exd5 9. cxd5 h5 10. Bg5 a6 11. a4 Qe8 12. Qd2 {[%emt 0:04:39] Die Stellung ist ausgeglichen.} Nh7 $1 13. Bh6 h4 14. Bxg7 Kxg7 15. Nge2 Nd7 16. Nf4 Ne5 17. Be2 Rb8 18. O-O b5 (18... Bd7 $11) 19. axb5 $14 axb5 {[%emt 0:00:02] [#]} 20. b4 $1 cxb4 21. Na2 b3 22. Nb4 (22. Nc1 $14 {ist überlegen.}) 22... Bd7 (22... Nc4 23. Bxc4 bxc4 24. Nc6 $16) 23. Qb2 Qd8 24. Nfd3 f6 25. Qxb3 Qb6+ 26. Nf2 h3 (26... Ra8 $11) 27. f4 $16 {[%emt 0:20:07][%csl LRe5,LRh3] Ra6 ist eine echte Drohung.} Nc4 28. Ra6 (28. gxh3 Nd2 29. Qg3 Nxf1 (29... Nxe4 $2 30. Qg2 $19) 30. Rxf1 Kh8 $17) 28... Qc5 29. Rc1 {[%emt 0:04:31] Zielt auf Nc6 ab.} (29. gxh3 Nd2 30. Qa3 Rbc8 $17 (30... Nxe4 31. Ra7 $17) (30... Nxf1 31. Kxf1 Rbc8 32. h4 $15)) 29... Rfe8 30. Nc6 $2 {[%emt 0:17:44] [#] Ein Fehler, der zur Niederlage führt.} (30. gxh3 Rxe4 31. Nbd3 Qe3 $17 (31... Qxd5 32. Bf3 $11)) (30. Bxc4 $14 {behält die Oberhand.} Rxe4 31. Bf1 (31. Nc6 $2 Rxc4 32. Rxc4 Re8 $19) 31... Qxb4 32. Qxb4 Rxb4 33. Rc7) 30... Rxe4 $1 $19 (30... Bxc6 31. Rxc6 Qa7 32. Qf3 $16 (32. Qxh3 Rxe4 $11) (32. Bxc4 bxc4 33. Qxc4 Qe3 $16)) 31. Bxc4 (31. Nxb8 $17 {ist wohl besser.} Rxe2 32. Qg3) 31... Rbe8 32. gxh3 $2 (32. Qxb5 {wird mattgesetzt.} Re1+ (32... Rxf4 $2 {geht unter.} 33. Qxc5 dxc5 34. Ra7 $18) 33. Bf1 Qxb5) (32. Ra7 {ist eine bessere Chance.} bxc4 33. Rxd7+ Kh8 34. Qc3 (34. Qxh3 $2 {ist ein Selbstmatt.} Re1+ 35. Rxe1 Rxe1#)) 32... bxc4 {[%emt 0:00:42] Schwarz steht klar auf Gewinn.} 33. Qg3 Re1+ 34. Rxe1 Rxe1+ {[%emt 0:00:03] Gewichteter Fehlerwert: Weiß=0.56/Schwarz=0.10 (sehr präzise) .  Verlustzug:     	Weiß=1     	---        Fehler:       	Weiß=3     	Schwarz=2     Ungenau:       	Weiß=2     	---        OK:         	Weiß=13    	Schwarz=9     Bester:       	---       	Schwarz=1     Stark:        	---       	Schwarz=2} 0-1

[Event "Reykjavik Open 2024"]
[Site "Reykjavik"]
[Date "2024.03.16"]
[Round "3.10"]
[White "Steingrimsson, Hedinn"]
[Black "Thorfinnsson, Bragi"]
[Result "1-0"]
[ECO "D35"]
[WhiteElo "2477"]
[BlackElo "2397"]
[Annotator "TA"]
[PlyCount "81"]
[EventDate "2024.03.12"]
[EventCountry "ISL"]
[SourceTitle "playchess.com"]
[Source "ChessBase"]
[SourceQuality "1"]
[TimeControl "40/5400+30:1800+30"]

1. d4 d5 2. c4 e6 3. Nc3 Nf6 4. cxd5 exd5 5. Bg5 c6 6. e3 Bd6 7. Bd3 Be6 8. Nge2 h6 9. Bf4 O-O {[%emt 0:03:52] White is slightly better.} 10. h3 a5 11. O-O Na6 12. Rc1 Re8 13. Bxd6 Qxd6 14. Ng3 b5 15. a4 bxa4 16. Bxa6 Rxa6 17. Nxa4 Nd7 ({Black should try} 17... Ne4 $14) 18. Rc3 $16 Rb8 19. Qc2 Rb4 20. Ra1 g6 21. Nf1 Bf5 22. Qd1 Qb8 {[%emt 0:06:28] White now steadily converts the win.} 23. Ng3 {[%emt 0:09:37][%cal Bf1g3,Bg3e2,Be2f4][%mdl 32] Strongly threatening Nxf5.} Be6 24. Ne2 Qd8 ({Black should play} 24... Bf5) 25. Nf4 Qe7 (25... Bf5 $16) 26. Qe2 $18 Rc4 27. Rxc4 dxc4 28. Nxe6 Qxe6 {[%emt 0:00:04] [#]} 29. Rc1 $1 h5 30. Qxc4 Qxc4 31. Rxc4 {[%emt 0:00:01][%mdl 4096] Endgame. KRN-KRN} Kf8 32. e4 Ke7 33. f3 f6 34. Kf2 Kd6 35. Rc3 Ra7 36. Rb3 g5 37. g3 c5 38. d5 g4 $2 {[%emt 0:00:53] [#]} (38... Ra8 {was worth a try.} 39. Rb7 Rf8) 39. hxg4 (39. fxg4 c4 40. Rb5 hxg4 41. hxg4 Ne5) 39... hxg4 40. f4 f5 41. Nc3 {[%emt 0:30:30] Weighted Error Value: White=0.05 (flawless) /Black=0.25 (precise) .  Mistake:       	---       	Black=4      Inaccurate:     	---       	Black=2      OK:         	White=20    	Black=9} ({Not} 41. exf5 Kxd5 42. Rd3+ Kc6 $18) 1-0

[Event "Reykjavik Open 2024"]
[Site "Reykjavik"]
[Date "2024.03.16"]
[Round "3.11"]
[White "Larkin, Vladyslav"]
[Black "Lu, Maximillian"]
[Result "0-1"]
[ECO "B24"]
[WhiteElo "2450"]
[BlackElo "2375"]
[Annotator "TA"]
[PlyCount "108"]
[EventDate "2024.03.12"]
[EventCountry "ISL"]
[SourceTitle "playchess.com"]
[Source "ChessBase"]
[SourceQuality "1"]
[TimeControl "40/5400+30:1800+30"]

1. e4 c5 2. Nc3 d6 3. g3 Nc6 4. Bg2 g6 5. Nh3 Bg7 6. O-O e6 7. d3 Rb8 8. Bg5 {[%emt 0:02:19] The position is equal.} Nge7 9. Qd2 h6 10. Be3 b5 11. Kh1 a5 12. Rab1 Ba6 13. g4 b4 14. Ne2 Ne5 15. g5 hxg5 16. Bxg5 f6 17. Be3 Ng4 {[%emt 0:09:03] Black is more active.} 18. f3 Nxe3 19. Qxe3 Qd7 20. f4 Kf7 21. b3 Rh4 22. Neg1 (22. Nhg1 $17 {is a better defense.}) 22... Rbh8 $19 23. Qg3 Bb7 24. a3 {[%emt 0:00:24] [#]} (24. Nf3 $17 R4h5 25. Nf2) 24... f5 $1 (24... bxa3 25. Ra1 $17) 25. axb4 axb4 (25... cxb4 26. Nf3 Rg4 27. Qf2) 26. Nf3 Rg4 27. Qf2 Kg8 (27... fxe4 28. dxe4 (28. Nfg5+ Ke8 $11) 28... Ke8 29. Nfg5 $19) 28. Qe2 e5 29. Ra1 fxe4 (29... exf4 $2 30. Ra7 $19) 30. dxe4 {[%emt 0:00:03] [#]} Rxg2 31. Qxg2 Rxh3 (31... Qxh3 32. Qxh3 Rxh3 33. Ng5 $15) 32. Ra7 Rh5 ({And not} 32... exf4 33. Rxb7 Qxb7 34. Qxh3 Qxe4 35. Re1 $11) 33. fxe5 dxe5 34. Rf2 Qc6 35. Qg4 Nc8 $2 ({Less strong is} 35... Qxe4 36. Qxe4 Bxe4 37. Rxe7 $19) (35... Bh6 $19 36. h4 Kg7 (36... Qxe4 37. Qxe4 Bxe4 38. Rxe7 $17)) 36. Rxb7 $1 $11 Qxb7 37. Qxg6 (37. Rd2 $1 $11 Kh7 38. h4) 37... Qf7 $17 38. Qc6 Ne7 39. Qxc5 Qe6 40. Rg2 Qf6 41. Rg3 {[%emt 0:31:09] [#]} ({White should play} 41. Qxb4 $15 Ng6 (41... Qxf3 42. Qxe7 Qf7 43. Qxf7+ Kxf7 44. c3 $19) 42. Qc3) 41... Nc6 $1 42. Kg2 Kh8 43. Qb5 Rh6 44. Qb7 Rg6 45. Qc8+ Kh7 46. Qh3+ Bh6 47. Qd7+ Ne7 48. Kf2 (48. Rxg6 $17 Qxg6+ (48... Kxg6 49. Qb5 $17) 49. Kf1) 48... Bf4 $19 49. Rxg6 Kxg6 50. h4 (50. Ke2 {was necessary.}) 50... Qb6+ 51. Kg2 (51. Kf1 $142 Qf6 52. h5+ Kxh5 53. Qd1) 51... Qe3 52. Qe6+ (52. h5+ $142 Kf7 (52... Kxh5 53. Qh3+ Kg6 54. Qe6+ Kh5 55. Qh3+ Kg6 56. Qe6+ Kh5 57. Qh3+ $11) 53. Qd3 Qxd3 54. cxd3) 52... Kh5 53. Qf7+ Ng6 {[%emt 0:00:26] ( -> ...Qe2+)} 54. Qh7+ Bh6 {[%emt 0:00:02] Weighted Error Value: White=0.47/Black=0.21 (precise) .  Missed win:     	---       	Black=1      Mistake:       	White=8     	---        Inaccurate:     	White=1     	Black=1      OK:         	White=11    	Black=26     Best:        	White=2     	Black=2      Strong:       	White=1     	Black=1      Brilliant:      	---       	Black=1} 0-1

[Event "Reykjavik Open 2024"]
[Site "Reykjavik"]
[Date "2024.03.16"]
[Round "3.12"]
[White "Thorhallsson, Throstur"]
[Black "Wadsworth, Matthew J"]
[Result "1/2-1/2"]
[ECO "C13"]
[WhiteElo "2388"]
[BlackElo "2450"]
[Annotator "TA"]
[PlyCount "55"]
[EventDate "2024.03.12"]
[EventCountry "ISL"]
[SourceTitle "playchess.com"]
[Source "ChessBase"]
[SourceQuality "1"]
[TimeControl "40/5400+30:1800+30"]

1. e4 e6 2. d4 d5 3. Nc3 Nf6 4. Bg5 dxe4 5. Nxe4 Be7 6. Bxf6 gxf6 7. Nf3 f5 8. Nc3 a6 9. g3 b5 10. Bg2 {[%emt 0:00:24] Strongly threatening Ne5.} Bb7 11. O-O O-O 12. Qe2 c5 13. dxc5 b4 14. Nd1 Bxc5 15. Ne3 Nc6 16. Rad1 Qe7 17. Nc4 Rad8 18. b3 Bd4 19. Nxd4 {[%emt 0:12:30] The position is equal.} Nxd4 20. Qe3 Bxg2 (20... Nxc2 $2 {perishes.} 21. Qa7 $18) 21. Kxg2 Nxc2 22. Qb6 Rd5 23. Qxa6 Rfd8 24. Rxd5 exd5 25. Ne3 Qe4+ 26. Kh3 {[%emt 0:00:06] [#] Qf6 is the strong threat.} Nxe3 27. fxe3 Qe6 (27... Qxe3 28. Rxf5 Qe6 29. Qxe6 fxe6 30. Rf6 $15) 28. Qxe6 {[%emt 0:03:28] An uneventful encounter.   Weighted Error Value: White=0.07 (flawless) /Black=0.07 (flawless) .  Inaccurate:     	White=3     	Black=1      OK:         	White=10    	Black=8      Best:        	White=2     	Black=1} 1/2-1/2

[Event "Reykjavik Open 2024"]
[Site "Reykjavik"]
[Date "2024.03.16"]
[Round "3.13"]
[White "Mammadzada, Gunay"]
[Black "Dauner, Benedikt"]
[Result "1/2-1/2"]
[ECO "E07"]
[WhiteElo "2449"]
[BlackElo "2366"]
[Annotator "TA"]
[PlyCount "55"]
[EventDate "2024.03.12"]
[EventCountry "ISL"]
[SourceTitle "playchess.com"]
[Source "ChessBase"]
[SourceQuality "1"]
[TimeControl "40/5400+30:1800+30"]

1. Nf3 d5 2. d4 Nf6 3. c4 e6 4. g3 Be7 5. Bg2 O-O 6. O-O Nbd7 7. Qd3 b6 8. cxd5 exd5 9. Nc3 Bb7 10. Nh4 Re8 11. Nf5 Bf8 12. Bg5 Qc8 13. Rac1 Ne4 14. Bf4 c5 15. Nxe4 dxe4 16. Qb3 Qc6 17. Rfd1 Qf6 (17... Qg6 $11 18. Bh3 Bc8) 18. Ne3 {[%emt 0:01:44] White has more active pieces.} (18. Bh3 $16) 18... cxd4 $11 {[%emt 0:18:57] [#] Hoping for ...Nc5. The position is equal.} 19. Nd5 Qf5 ({Reject} 19... Bxd5 20. Qxd5 Nc5 21. Qxd4 $14 (21. Rxd4 $2 {too greedy.} Rad8 $19)) 20. Rxd4 {[%emt 0:08:12] Black must now prevent Ne3.} Nc5 21. Qd1 Rad8 22. Nc7 Rxd4 23. Qxd4 Rc8 24. h4 Ne6 25. Nxe6 {[%emt 0:03:01] [#] Threatens to win with Rxc8.} Rxc1+ 26. Bxc1 Qxe6 27. b3 Qd5 28. Bb2 {[%emt 0:01:39] Weighted Error Value: White=0.15 (very precise) /Black=0.13 (very precise) .  Mistake:       	White=1     	Black=1      Inaccurate:     	White=2     	Black=1      OK:         	White=11    	Black=13     Best:        	White=1     	Black=1} 1/2-1/2

[Event "Reykjavik Open 2024"]
[Site "Reykjavik"]
[Date "2024.03.16"]
[Round "3.14"]
[White "Sidhant, Mohapatra"]
[Black "Chasin, Nico"]
[Result "1/2-1/2"]
[ECO "B30"]
[WhiteElo "2379"]
[BlackElo "2447"]
[Annotator "TA"]
[PlyCount "40"]
[EventDate "2024.03.12"]
[EventCountry "ISL"]
[SourceTitle "playchess.com"]
[Source "ChessBase"]
[SourceQuality "1"]
[TimeControl "40/5400+30:1800+30"]

1. e4 c5 2. Nf3 Nc6 3. Bb5 e6 4. Bxc6 bxc6 5. d3 Qc7 6. Nbd2 Ne7 7. O-O Ng6 8. Re1 {[%emt 0:00:29] The position is equal.} f6 9. a3 Be7 10. c3 a5 11. a4 O-O 12. b3 e5 13. Nc4 d5 14. Ne3 f5 (14... Rd8 $17 {Strongly threatening ...dxe4.} 15. Bd2 Be6) 15. exd5 $11 Bb7 {[%emt 0:01:14] [#]} (15... Rd8 $1 $11) 16. d6 $1 Bxd6 {[%emt 0:01:49] White is slightly better.} 17. Nc4 Ba6 18. Nxd6 Qxd6 {[%emt 0:00:02] [#]} 19. Nxe5 $1 Nxe5 20. Bf4 Qxd3 {[%emt 0:00:30] Weighted Error Value: White=0.09 (flawless) /Black=0.19 (very precise) .  Mistake:       	---       	Black=2      Inaccurate:     	White=1     	---        OK:         	White=3     	Black=5      Best:        	White=3     	---} 1/2-1/2

[Event "Reykjavik Open 2024"]
[Site "Reykjavik"]
[Date "2024.03.16"]
[Round "3.15"]
[White "Nevednichy, Vladislav"]
[Black "Heimisson, Hilmir Freyr"]
[Result "1-0"]
[ECO "C55"]
[WhiteElo "2445"]
[BlackElo "2355"]
[Annotator "TA"]
[PlyCount "143"]
[EventDate "2024.03.12"]
[EventCountry "ISL"]
[SourceTitle "playchess.com"]
[Source "ChessBase"]
[SourceQuality "1"]
[TimeControl "40/5400+30:1800+30"]

1. e4 e5 2. Bc4 Nf6 3. d3 Nc6 4. Nf3 h6 5. c3 d6 6. O-O g5 7. Nbd2 Bg7 8. Bb3 a5 {[%emt 0:02:21] White is slightly better.} 9. a4 Bd7 10. Nc4 Be6 11. Re1 g4 12. Nfd2 h5 13. Ne3 Qd7 14. Bc4 Ne7 15. d4 {[%emt 0:03:01] Hoping for d5.} exd4 16. Bxe6 fxe6 17. cxd4 d5 18. e5 Ne4 19. Nxe4 dxe4 20. Nc2 O-O 21. Rxe4 Rf7 22. Bg5 Ng6 23. Re2 Rf5 24. Qd2 Kh7 25. g3 Raf8 26. Rae1 b6 27. b3 R8f7 28. Bf6 Bh6 (28... Bxf6 $142 29. exf6 R5xf6) 29. Qd3 Rf3 30. Qc4 c6 31. Ne3 Rf8 (31... Bg7 $16 32. Bxg7 Kxg7) 32. Ng2 Qd5 33. Rc2 Rc8 (33... Qxc4 $16 34. Rxc4 (34. bxc4 Ra3 $14) 34... Rc8) 34. Qxd5 (34. Qa6 $1 $18 Qd7 35. Qxb6) 34... exd5 $16 35. Rb1 {[%emt 0:00:28] aiming for Ne1.} Rd3 36. e6 Rf3 37. Be5 (37. Bh4 $16) 37... Nxe5 $1 $11 38. dxe5 {[%emt 0:00:01] Nh4 is the strong threat.} Rf5 39. Re1 c5 40. Nh4 Rg5 41. f4 $36 {[%emt 0:30:39][%mdl 2048] White has some pressure.} gxf3 42. Nxf3 (42. e7 {is interesting.} Re8 43. Rc3 d4 44. Rxf3 Rxe7 45. e6) 42... Rg6 {[%emt 0:07:55] [#]} (42... Rgg8 $11) 43. Rd1 $1 $16 {[%emt 0:00:00] White is more active. White leaves nothing to chance now.} d4 {[%emt 0:10:17] [#]} 44. Nxd4 $1 {[%emt 0:00:00] Nf5 would now be deadly.} ({Worse is} 44. e7 Re8 $15 (44... Re6 $2 45. Rxd4 Be3+ 46. Kf1 $18)) 44... Be3+ 45. Kg2 Bxd4 46. Rxd4 cxd4 47. Rxc8 Rxe6 {[%emt 0:00:05][%mdl 4096] Endgame. KR-KR} 48. Rd8 Rxe5 49. Rxd4 b5 (49... Re3 $16 {might work better.}) 50. Kf3 $18 Rc5 51. Ke4 {[%emt 0:00:00] Strongly threatening Rd5.} bxa4 52. bxa4 ({Don't do} 52. Rxa4 $6 Rb5 $14) 52... Rc2 53. h4 {[%emt 0:00:00] And now Rd5 would win.} Rc3 54. Kf4 Kg6 $2 (54... Ra3 55. Kg5 Rxg3+ 56. Kxh5 Ra3) 55. Rd6+ Kf7 56. Rd5 Rc4+ 57. Kg5 Rg4+ 58. Kxh5 Rxg3 59. Rf5+ Ke6 60. Rxa5 Kf7 61. Rf5+ Ke6 62. Rb5 Kf7 63. a5 {[%emt 0:00:00] Rg5 would kill now.} Ra3 (63... Kf6 $142 64. a6 Ra3) 64. Kg5 {[%emt 0:00:00] White threatens h5 and mate.} Ra1 65. h5 {[%emt 0:00:00][%cal Bh4h5,Bh5h6][%mdl 32] White mates.} Rg1+ 66. Kf5 Rf1+ 67. Ke5 Ke7 68. Rb7+ Kd8 69. h6 Re1+ 70. Kd6 Rd1+ 71. Kc6 Rc1+ 72. Kb6 {[%emt 0:00:00] Weighted Error Value: White=0.15 (very precise) /Black=0.31.  Mistake:       	White=2     	Black=6      Inaccurate:     	White=4     	Black=5      OK:         	White=21    	Black=15     Best:        	White=3     	Black=8      Strong:       	White=2     	Black=1} 1-0

[Event "Reykjavik Open 2024"]
[Site "Reykjavik"]
[Date "2024.03.16"]
[Round "3.16"]
[White "Jacobsen, Mikkel Manosri"]
[Black "Injac, Teodora"]
[Result "0-1"]
[ECO "A11"]
[WhiteElo "2367"]
[BlackElo "2434"]
[Annotator "TA"]
[PlyCount "66"]
[EventDate "2024.03.12"]
[EventCountry "ISL"]
[SourceTitle "playchess.com"]
[Source "ChessBase"]
[SourceQuality "1"]
[TimeControl "40/5400+30:1800+30"]

1. c4 c6 2. g3 d5 3. Nf3 g6 4. Bg2 Bg7 5. O-O Nf6 6. b3 O-O 7. Bb2 Bg4 8. h3 (8. d4 $14) 8... Bxf3 $11 9. Bxf3 Re8 10. d4 Nbd7 {[%emt 0:02:02] The position is equal.} 11. Nd2 e5 12. cxd5 cxd5 13. dxe5 Nxe5 14. Bg2 Qe7 15. Rc1 Rad8 16. Rc2 d4 17. Re1 {[%emt 0:05:20] [#]} (17. Qa1 $11 {keeps the balance.}) 17... Nd3 $1 18. Ba3 $1 $15 Qe6 (18... Qxa3 $6 19. exd3 Rxe1+ 20. Qxe1 $14) 19. Rf1 Ne5 (19... Qxe2 $6 20. Nf3 Qxd1 21. Rxd1 $16) 20. Nc4 Nc6 21. Nd2 ({White should play} 21. Bxc6 bxc6 22. Kg2) 21... Nd5 $36 {[%emt 0:01:26][%mdl 2048] ...Nc3 is the strong threat. Black is in control.} 22. Ne4 Nc3 23. Nc5 Qe7 {[%emt 0:02:34] Black has more active pieces.} (23... Nxe2+ $2 24. Kh2 Qe7 25. Nxb7 Qxb7 26. Bxc6 $18 (26. Rxe2 Qa6 $11)) 24. Qc1 Qc7 (24... Nxe2+ 25. Rxe2 Qxe2 26. Nxb7 $11) (24... d3 $1 $17 25. exd3 Nd4 (25... Ne2+ 26. Rxe2 Qxe2 27. Nxb7 $16) 26. Nxb7 Qd7) 25. e3 (25. Re1 $15) 25... a5 (25... dxe3 $142 26. fxe3 (26. Rxc3 $2 e2 $19) 26... Nd5 (26... Qxg3 27. Qe1 $19)) 26. Nxb7 Rd7 $2 {[%emt 0:07:30] [#]} (26... Qxb7 $17 27. exd4 Ne2+ (27... Bxd4 28. Rxc3 Bxc3 29. Qxc3 $15) 28. Rxe2 Rxe2 29. Bxc6 Qc7) 27. Bb2 $2 {[%emt 0:00:36][%mdl 8192] [#] This move loses the game for White.} Nb4 $1 $19 ({Less strong is} 27... Qxb7 28. Bxc6 (28. exd4 $2 Nxa2 29. Qa1 Nab4 $19) 28... Qxc6 29. exd4 $15) 28. Bxc3 dxc3 29. Re2 {[%emt 0:00:16] White is weak on the dark squares} Rb8 ({Stronger than} 29... c2 30. a3 Nd5 31. Qxc2 Qxb7 32. Rd2 $11) 30. a3 Nd3 31. Qc2 Rxb7 32. Rd1 Ne5 33. Rd4 $2 (33. Bxb7 Qxb7 34. f4 Rxd1+ (34... Nf3+ $2 35. Kf2 $19) 35. Qxd1) 33... Rb8 {[%emt 0:00:52] Weighted Error Value: White=0.54/Black=0.28 (precise) .  Loses game:     	White=1     	---        Mistake:       	White=5     	Black=4      Inaccurate:     	---       	Black=1      OK:         	White=7     	Black=12     Best:        	White=1     	---        Strong:       	White=1     	Black=1} 0-1

[Event "Reykjavik Open 2024"]
[Site "Reykjavik"]
[Date "2024.03.16"]
[Round "3.17"]
[White "Large, Peter G"]
[Black "Deac, Bogdan-Daniel"]
[Result "0-1"]
[ECO "B14"]
[WhiteElo "2262"]
[BlackElo "2690"]
[Annotator "TA"]
[PlyCount "58"]
[EventDate "2024.03.12"]
[EventCountry "ISL"]
[SourceTitle "playchess.com"]
[Source "ChessBase"]
[SourceQuality "1"]
[TimeControl "40/5400+30:1800+30"]

1. e4 c6 2. d4 d5 3. exd5 cxd5 4. c4 Nf6 5. Nc3 e6 6. Nf3 Bb4 7. Bd3 dxc4 8. Bxc4 Qc7 9. Qe2 O-O 10. O-O Nbd7 11. Nb5 {[%emt 0:05:25] White is slightly better.} Qd8 12. a3 Ba5 13. Ba2 a6 14. Nd6 {[%emt 0:03:51][%cal Od6f7] [#] Nxf7! is the strong threat.} Qe7 (14... Bc7 $11 15. Nxc8 Rxc8) 15. Nf5 Qd8 16. Nd6 {[%emt 0:00:08][%cal Od6f7] Strongly threatening Nxf7!} Nb8 17. Nxc8 Qxc8 18. Bg5 Nbd7 19. Rac1 Qb8 20. Ne5 Re8 (20... Nxe5 $14 21. dxe5 Nd7) 21. Nxd7 Nxd7 22. d5 Nf8 23. Qf3 Qe5 24. Rc5 {[%emt 0:08:44] [#] Black must now prevent dxe6.} Qxb2 (24... Rec8 $14 25. Rxc8 (25. Rxa5 Qxg5 26. Qd1 Qe5 $11) 25... Rxc8 26. dxe6 Nxe6 27. Bxe6 (27. Qxb7 $2 {perishes.} Rb8 $19) 27... fxe6) 25. dxe6 $16 fxe6 26. Rxa5 b6 27. Rf5 ({Better is} 27. Bd5 $14 exd5 28. Rxd5) 27... Qxa2 $11 28. Rf7 {[%emt 0:00:11][%cal Of7g7] Hoping for Rxg7+!} Qd5 29. Rd1 $2 (29. h4 $11 {and White stays safe.}) 29... Qxg5 {[%emt 0:00:37] Weighted Error Value: White=0.39/Black=0.19 (very precise) .  Loses game:     	White=1     	---        Mistake:       	White=1     	Black=3      Inaccurate:     	White=4     	Black=3      OK:         	White=5     	Black=6      Best:        	White=2     	Black=3} 0-1

[Event "Reykjavik Open 2024"]
[Site "Reykjavik"]
[Date "2024.03.16"]
[Round "3.18"]
[White "Bjarnason, Snorri Vikanes"]
[Black "Gikas, Andreas Basilius"]
[Result "0-1"]
[ECO "A12"]
[WhiteElo "1875"]
[BlackElo "2104"]
[Annotator "NA RC"]
[PlyCount "62"]
[EventDate "2024.03.12"]
[EventCountry "ISL"]
[SourceTitle "playchess.com"]
[Source "ChessBase"]
[SourceQuality "1"]
[TimeControl "40/5400+30:1800+30"]

1. Nf3 d5 2. g3 Nf6 3. Bg2 c6 4. O-O Bf5 5. b3 e6 6. c4 Nbd7 7. Nh4 Be4 8. f3 Bxb1 9. Rxb1 Qb6+ 10. d4 dxc4 11. Be3 Nd5 12. Qc1 Nxe3 13. Qxe3 c3 14. f4 Be7 15. Nf3 Qa5 16. Rfc1 Nf6 17. Qxc3 Qxa2 18. Nd2 Qa6 19. Nc4 O-O 20. Ra1 Qb5 21. Ra5 Qb4 22. Qd3 b5 23. Raa1 bxc4 24. Rxc4 Qd6 25. Rxc6 Qd7 26. Qc4 Rac8 27. Raa6 Rxc6 28. Rxc6 Bd8 29. e3 Bb6 30. h3 Nd5 31. Kf2 Ne7 0-1

[Event "Reykjavik Open 2024"]
[Site "Reykjavik"]
[Date "2024.03.16"]
[Round "3.19"]
[White "Omarsson, Josef"]
[Black "Maack, Kjartan"]
[Result "1/2-1/2"]
[ECO "A84"]
[WhiteElo "1803"]
[BlackElo "2102"]
[Annotator "RC"]
[PlyCount "69"]
[EventDate "2024.03.12"]
[EventCountry "ISL"]
[SourceTitle "playchess.com"]
[Source "ChessBase"]
[SourceQuality "1"]
[TimeControl "40/5400+30:1800+30"]

1. d4 d5 2. c4 e6 3. Nc3 c6 4. e3 f5 5. Bd3 Nf6 6. Nge2 Bd6 7. O-O O-O 8. Ng3 Ne4 9. c5 Bc7 10. f4 b6 11. Na4 bxc5 12. Bxe4 fxe4 13. Nxc5 Na6 14. Qc2 Nxc5 15. Qxc5 Qd6 16. Qxd6 Bxd6 17. Bd2 c5 18. dxc5 Bxc5 19. Rfc1 Bb6 20. a4 a5 21. Rc6 Rb8 22. Ne2 Bd7 23. Rc2 Rfc8 24. Rc3 Kf7 25. Ra2 e5 26. fxe5 Ke6 27. Nd4+ Kxe5 28. Rxc8 Rxc8 29. Bc3 Kd6 30. Kf2 Rc4 31. Nb3 Rxa4 32. Rxa4 Bxa4 33. Nxa5 g6 34. b3 Bd7 35. b4 1/2-1/2